 Dungeon Crawl Stone Soup version 0.27.1-2-g3b301248ec (webtiles) character file.

Game seed: 10367071000475478445

79 Urokeeper the Skirmisher (level 4, -5/40 HPs)
             Began as a Hill Orc Fighter on Sept 28, 2021.
             Slain by a gnoll (9 damage)
             ... on level 2 of the Dungeon.
             The game lasted 00:03:11 (1255 turns).

Urokeeper the Skirmisher (Hill Orc Fighter)         Turns: 1255, Time: 00:03:12

Health: -5/40      AC: 12    Str: 19    XL:     4   Next: 38%
Magic:  4/4        EV:  5    Int:  8    God:
Gold:   54         SH:  9    Dex: 10    Spells: 3/3 levels left

rFire    . . .     SeeInvis .   a - +0 war axe
rCold    . . .     Faith    .   c - +0 kite shield
rNeg     . . .     Spirit   .   o - +0 chain mail
rPois    .         Reflect  .   (no helmet)
rElec    .         Harm     .   (no cloak)
rCorr    .         Rampage  .   m - +2 pair of gloves
Will     .....                  (no boots)
Stlth    ..........             (no amulet)
HPRegen  0.13/turn              (no ring)
MPRegen  0.09/turn              (no ring)

@: mighty
A: no striking features
a: no special abilities


You were on level 2 of the Dungeon.
You visited 1 branch of the dungeon, and saw 2 of its levels.

You collected 54 gold pieces.

Inventory:

Hand Weapons
 a - a +0 war axe (weapon)
Missiles
 n - 6 boomerangs (quivered)
Armour
 c - a +0 kite shield (worn)
 m - a +2 pair of gloves (worn)
 o - a +0 chain mail (worn)
Scrolls
 e - a scroll of immolation {unknown}
 g - a scroll of holy word {unknown}
Potions
 f - a potion of resistance {unknown}
 i - a potion of mutation {unknown}
 j - a potion of lignification {unknown}
 k - 2 potions of curing {unknown}
 l - a potion of flight {unknown}


   Skills:
 + Level 4.2 Fighting
 + Level 3.8 Axes
 + Level 3.7 Armour
 + Level 0.4 Dodging
 + Level 0.3 Stealth
 + Level 4.1 Shields


You had 3 spell levels left.
You didn't know any spells.
Your spell library contained the following spells:

 Spells                   Type           Power      Damage    Failure   Level
 Airstrike                Air            0%         N/A       100%        4
 Summon Lightning Spire   Summ/Air       0%         N/A       100%        4
 Lightning Bolt           Conj/Air       0%         1d11      100%        5


Dungeon Overview and Level Annotations

Branches:
Dungeon (2/15)

Altars:


Message History

The adder is almost dead.
The adder bites you but does no damage.
The gnoll hits you from afar with a +0 spear.
The gnoll hits you from afar with a +0 halberd!
* * * LOW HITPOINT WARNING * * *
You block the adder's attack.
You feel very mighty all of a sudden. The gnoll barely misses you.
The adder bites you but does no damage.
You are too injured to fight recklessly!
You are too injured to fight recklessly!
You are too injured to fight recklessly!
You are too injured to fight recklessly!
You closely miss the adder.
The adder is almost dead.
The adder bites you but does no damage. You block the gnoll's attack.
The adder bites you but does no damage. You block the gnoll's attack.
You slash the adder!
You kill the adder!
You block the gnoll's attack. The gnoll hits you but does no damage.
Your Shields skill increases to level 4!
You have reached level 4!
You slash the gnoll!
You kill the gnoll!
The gnoll hits you from afar with a +0 spear.
* * * LOW HITPOINT WARNING * * *
You block the gnoll's attack. You block the gnoll's attack.
The gnoll hits you but does no damage.
Things that are here:
a +0 mace; a sapphire potion; a gnoll corpse You slash the gnoll!
You kill the gnoll!
The gnoll hits you but does no damage. The gnoll barely misses you.
The rat bites you but does no damage.
Your shield and chain mail prevent you from hitting the rat.
The gnoll hits you from afar with a +0 halberd.
* * * LOW HITPOINT WARNING * * *
The rat barely misses you.
You closely miss the rat.
The gnoll hits you from afar with a +0 halberd!
You die...

# ..... ..... ......
...... #.......
....# #....... ..g
##....... #r###
##........ #.@.#
#.......( ###.##
##..._...# #..#
.........## ##.##
#........
#..####..###.##.
##....#.# #.##.
####...# ##.##.
#########...###..###
#.........#.....##


You could see a gnoll and a rat.

Vanquished Creatures
  2 gnolls (D:2)
  An adder (D:2)
  2 worms (D:2)
  A dart slug (D:1)
  6 endoplasms
  2 giant cockroaches
  6 goblins
  2 hobgoblins (D:1)
  2 jackals (D:1)
  5 kobolds
  4 quokkas
  3 ball pythons
  A frilled lizard (D:1)
  2 rats (D:1)
39 creatures vanquished.

Notes
Turn   | Place    | Note
-------+----------+-------------------------------------------
     0 | D:1      | Urokeeper the Hill Orc Fighter began the quest for the Orb.
     0 | D:1      | Reached XP level 1. HP: 19/19 MP: 1/1
   147 | D:1      | Reached XP level 2. HP: 14/27 MP: 2/2
   542 | D:1      | Reached XP level 3. HP: 33/33 MP: 3/3
  1139 | D:2      | Found a faded altar of an unknown god.
  1250 | D:2      | Reached XP level 4. HP: 11/40 MP: 4/4
  1255 | D:2      | Slain by a gnoll

Illustrated notes

Levels and vault maps discovered:
D:1:      saegor_arrival_simple_a, layout_rooms
D:2:      layout_rooms, ebering_ecumenical_altar_sacrificial

Skill      XL: |  1  2  3 |
---------------+----------+-----
Axes           | 3 |  3.8
Fighting       | 4 |  4.2
Shields        | 4 |  4.1
Armour         | |  3.7
Dodging        | |  0.4
Stealth        | |  0.3

Action                   |  1- 3 |  4- 6 || total
-------------------------+-------+-------++-------
Melee: War axe           |    98 |     4 ||   102
  Use: Potion            |     1 |       ||     1
Armor: Scale mail        |    39 |       ||    39
       Chain mail        |    18 |     3 ||    21
Dodge: Dodged            |    37 |     2 ||    39
Block: Kite shield       |    64 |     2 ||    66
